 Dungeon Crawl Stone Soup version 0.13-a0-1693-g8ac13c1 (webtiles) character file.

393 Kae the Gusty (level 5, 0/24 HPs)
             Began as a Spriggan Air Elementalist on June 21, 2013.
             Slain by a scorpion (5 damage)
             ... on Level 4 of the Dungeon.
             The game lasted 00:06:57 (3730 turns).

Kae the Gusty (Spriggan Air Elementalist)           Turns: 3730, Time: 00:06:57

HP   0/24        AC  3     Str  5      XL: 5   Next: 92%
MP   4/16        EV 18     Int 16      God:
Gold 137         SH  0     Dex 17      Spells:  1 memorised, 10 levels left

Res.Fire  : . . .   See Invis. : +   r - -3 rod of striking (6/6)
Res.Cold  : . . .   Warding    : .   a - +0 robe
Life Prot.: . . .   Conserve   : .   (shield restricted)
Res.Poison: .       Res.Corr.  : .   (helmet restricted)
Res.Elec. : .       Clarity    : .   c - +0 cloak
Sust.Abil.: . .     Spirit.Shd : .   (gloves unavailable)
Res.Mut.  : .       Stasis     : .   (boots unavailable)
Res.Rott. : .       Flight     : .   (no amulet)
Saprovore : . . .                    (no ring)
                                     (no ring)

@: mildly poisoned, very slightly contaminated, very quick, somewhat resistant
to hostile enchantments, stealthy
A: unfitting armour, see invisible, herbivore 3, speed 3, slow metabolism 2
a: no special abilities


You were on level 4 of the Dungeon.
You were not hungry.

You visited 1 branch of the dungeon, and saw 4 of its levels.

You collected 117 gold pieces.

Inventory:

Hand weapons
 m - a +0 blowgun
Missiles
 n - 7 poisoned needles
Armour
 a - a +0 robe (worn)
 c - a +0 cloak (worn)
Scrolls
 d - 4 scrolls of teleportation {unknown}
 e - a scroll of enchant armour {unknown}
 f - 4 scrolls of identify {unknown}
 i - a scroll of fear {unknown}
 k - a scroll of curse jewellery {unknown}
 l - a scroll of noise {unknown}
 o - 2 scrolls of fog {unknown}
 t - a scroll of curse weapon {unknown}
Jewellery
 p - an uncursed ring of protection from cold {unknown}
Potions
 g - 3 potions of curing {unknown}
 h - 2 potions of flight {unknown}
 j - a potion of slowing {unknown}
 q - 2 potions of heal wounds {unknown}
 s - a potion of berserk rage {unknown}
Books
 b - a book of Air

   Spells                             Type                      Level
   *Shock                             Conjuration/Air              1
   Swiftness                          Charms/Air                   2
   Repel Missiles                     Charms/Air                   2
   Flight                             Charms/Air                   3
   Static Discharge                   Conjuration/Air              3
   Lightning Bolt                     Conjuration/Air              5
Rods
 r - a -3 rod of striking (6/6) (weapon)
   (You found it on level 3 of the Dungeon)


   Skills:
 - Level 3.0 Dodging
 - Level 3.0 Stealth
 + Level 3.7 Spellcasting
 * Level 2.9 Conjurations
 + Level 3.9 Air Magic


You had 10 spell levels left.
You knew the following spells:

 Your Spells              Type           Power        Failure   Level  Hunger
a - Shock                 Conj/Air       ##..         6%          1    None


Dungeon Overview and Level Annotations

Branches:
Dungeon (4/27)
 Temple: D:4-7

Altars:


Innate Abilities, Weirdness & Mutations

You are tiny and cannot use many weapons and most armour.
You have supernaturally acute eyesight.
You are a herbivore.
You cover ground extremely quickly.
You need consume almost no food.


Message History

You feel sick.
You feel a little better. The scorpion closely misses you.
Casting: Shock
Confirm with . or Enter, or press ? or * to list all spells.
Aiming: Shock
Press: ? - help, Shift-Dir - straight line, f/p - scorpion
Aim: a scorpion (severely wounded)
You miscast Shock.
You are very lightly contaminated with residual magic.
Strange energies run through your body. The scorpion completely misses you.
Casting: Shock
Confirm with . or Enter, or press ? or * to list all spells.
Aiming: Shock
Press: ? - help, Shift-Dir - straight line, f/p - scorpion
Aim: a scorpion (severely wounded)
The zap hits the scorpion.
The scorpion is almost dead.
The scorpion stings you.
You die...

.#..................#
(...................#
.##.................#
.##.)...............###
.##...........)........
.##..........#.########
.##......(().#.######
....###.#...........#
#######.#.......@...#
..(.....#........s..#
#########...........#
#.....=.....#
............#
#############


You could see a scorpion.

Vanquished Creatures
  A giant frog (D:3)
  2 orc priests (D:4)
  Crazy Yiuf (D:3)
  An orc wizard (D:3)
  An adder (D:2)
  2 giant geckos
  8 orcs
  A ball python (D:3)
  9 bats
  5 giant cockroaches
  7 goblins
  4 hobgoblins
  2 jackals (D:2)
  2 quokkas
  2 giant newts
  A goblin skeleton (D:4)
  6 kobolds
  9 rats
64 creatures vanquished.

Vanquished Creatures (others)
  A bat (D:1)
  A giant newt (D:4)
2 creatures vanquished.

Grand Total: 66 creatures vanquished

Notes
Turn   | Place    | Note
--------------------------------------------------------------
     0 | D:1      | Kae, the Spriggan Air Elementalist, began the quest for the Orb.
     0 | D:1      | Reached XP level 1. HP: 9/9 MP: 4/4
   250 | D:1      | Reached skill level 1 in Conjurations
   250 | D:1      | Reached XP level 2. HP: 11/13 MP: 1/6
  1174 | D:2      | Reached XP level 3. HP: 14/16 MP: 6/9
  2314 | D:3      | Reached XP level 4. HP: 17/21 MP: 9/12
  2449 | D:3      | Identified a -3 rod of striking (6/6) (You found it on level 3 of the Dungeon)
  2670 | D:3      | Noticed a giant frog
  2678 | D:3      | Killed a giant frog
  2678 | D:3      | Reached XP level 5. HP: 9/24 MP: 9/16
  2836 | D:3      | Noticed Crazy Yiuf
  2845 | D:3      | Killed Crazy Yiuf
  3730 | D:4      | Slain by a scorpion

Action                   |  1- 3 |  4- 6 || total
-------------------------+-------+-------++-------
Melee: Unarmed           |    95 |       ||    95
       Club              |       |    26 ||    26
 Fire: Blowgun           |    14 |     5 ||    19
 Cast: Shock             |    87 |    70 ||   157
Evoke: Rod               |       |     9 ||     9
  Use: Potion            |       |     1 ||     1
 Stab: Sleeping          |     4 |       ||     4
       Distracted        |     1 |     1 ||     2
